 Dungeon Crawl Stone Soup version 0.31.0-12-g77e489cdc1 (webtiles) character file.

Game seed: 415520562572651980

1747 vierda the Shield-Bearer (level 9, -3/67 HPs)
             Began as a Human Fighter on Feb 29, 2024.
             Was a Believer of the Shining One.
             Incinerated by a bombardier beetle (5 damage)
             ... with a burning spray
             ... on level 6 of the Dungeon.
             The game lasted 00:41:17 (4283 turns).

vierda the Shield-Bearer (Human Fighter)            Turns: 4283, Time: 00:41:18

Health: -3/67      AC: 12    Str: 21    XL:     9   Next: 6%
Magic:  9/9        EV:  6    Int:  8    God:    the Shining One [**....]
Gold:   199        SH: 20    Dex: 13    Spells: 8/8 levels left

rFire   . . .        a - +1 trident
rCold   . . .        g - +1 tower shield
rNeg    + . .        k - +0 chain mail
rPois   .            (no helmet)
rElec   .            (no cloak)
rCorr   .            F - +0 pair of gloves
SInv    .            q - +0 pair of boots
Will    .....        n - amulet of reflection Stlth
                     (no ring)
HPRegen 0.31/turn    (no ring)
MPRegen 0.11/turn

%: reflection
@: on fire, glowing
A: explore regen
a: Renounce Religion, Divine Shield


You were on level 6 of the Dungeon.
You worshipped the Shining One.
The Shining One was pleased with you.
You visited 1 branch of the dungeon, and saw 6 of its levels.

You collected 296 gold pieces.
You spent 97 gold pieces at shops.

Inventory:

Hand Weapons
 a - a +1 trident (weapon)
 e - a +0 dagger
 f - a +0 spear
 m - a +0 mace of draining
 w - the +7 sling of the Screaming Gods {elec, Dex+3}
   (You found it on level 4 of the Dungeon)

   Dex+3:     It affects your dexterity (+3).
 y - a +0 shortbow
 G - a +0 trident
 H - a +0 giant club
Missiles
 v - 3 poisoned darts (quivered)
 D - 2 javelins
Armour
 b - a +0 scale mail
 c - a +0 buckler
 g - a +1 tower shield (worn)
 h - a +0 ring mail
 k - a +0 chain mail (worn)
 q - a +0 pair of boots (worn)
 x - a +0 robe
 C - an orb of light
 F - a +0 pair of gloves (worn)
Jewellery
 n - an amulet of reflection (around neck)
Wands
 p - a wand of paralysis (10)
 E - a wand of iceblast (8)
Scrolls
 o - 2 scrolls of identify
 u - a scroll of teleportation
Potions
 d - a potion of might
 i - a potion of curing
 j - 3 potions of enlightenment
 l - 2 potions of brilliance {unknown}
 r - 2 potions of resistance
 t - a potion of haste
 A - a potion of degeneration {unknown}
 B - 3 potions of lignification


   Skills:
 + Level 4.9 Fighting
 + Level 6.6 Polearms
 + Level 2.7 Ranged Weapons
 + Level 5.2 Armour
 + Level 1.9 Dodging
 + Level 6.8 Shields


You had 8 spell levels left.
You didn't know any spells.
Your spell library contained the following spells:

 Spells                   Type           Power      Damage    Failure   Level
 Magic Dart               Conj           0%         1d3       100%        1
 Shock                    Conj/Air       0%         1d3       100%        1
 Blink                    Tloc           0%         N/A       100%        2
 Call Imp                 Summ           0%         N/A       100%        2
 Inner Flame              Hex/Fire       0%         N/A       100%        3
 Swiftness                Air            0%         N/A       100%        3
 Airstrike                Air            0%         2d(0-16)  100%        4
 Irradiate                Conj/Alch      0%         3d11      100%        5
 Ignition                 Fire           0%         3d3       100%        8


Dungeon Overview and Level Annotations

Branches:
Dungeon (6/15)             Temple (0/1) D:5

Altars:
Dithmenos
Kikubaaqudgha
Uskayaw
The Shining One

Shops:
D:2 ?


Innate Abilities, Weirdness & Mutations

You regain HP and MP as you explore.


Message History

You kill the bombardier beetle!
The liquid fire burns you! You block the ice beast's attack.
You have reached level 9!
Your experience leads to an increase in your attributes!
Increase (S)trength, (I)ntelligence, or (D)exterity?
You feel stronger. x2
You are too injured to fight recklessly!
You are too injured to fight recklessly!
You are too injured to fight recklessly!
You hit the ice beast.
The ice beast is lightly wounded.
The liquid fire burns you!
The ice beast hits you but does no damage.
You puncture the ice beast!
The ice beast is heavily wounded.
The liquid fire burns you! The ice beast barely misses you.
You block the ice beast's attack.
You puncture the ice beast!
The ice beast is almost dead.
The liquid fire burns you!
* * * LOW HITPOINT WARNING * * *
You block the ice beast's attack.
You barely miss the ice beast.
The ice beast is almost dead.
The liquid fire burns you!
* * * LOW HITPOINT WARNING * * *
You block the ice beast's attack.
You barely miss the ice beast.
The ice beast is almost dead.
The liquid fire burns you!
* * * LOW HITPOINT WARNING * * *
The ice beast hits you but does no damage.
You hit the ice beast.
You kill the ice beast!
The liquid fire burns you!
* * * LOW HITPOINT WARNING * * *
You shake off some of the fire as you move.
The liquid fire burns you!
You die...

####################
#.....#.............
#.....#.............
#.....#.............
#.....#...<.........
#...###..#######...
##.†.###..## ##+#
#..@.......#
#..........#
#..........#
##...#....##
#######..# ....#
....# #....#


There were no monsters in sight!

Vanquished Creatures
  Grinder (D:4)
  Duvessa (D:5)
  A black bear (D:6)
  An ogre (D:6)
  4 ice beasts
  3 phantoms
  3 scorpions
  Dowan (D:5)
  2 bombardier beetles
  A hound (D:4)
  A jelly (D:5)
  2 iguanas
  A sleepcap (D:4)
  10 gnolls
  5 adders
  A white imp (D:6)
  2 dart slugs
  3 ribbon worms
  3 orcs
  5 bats
  5 endoplasms
  6 giant cockroaches
  4 goblins
  6 hobgoblins
  4 jackals (D:1)
  8 kobolds
  4 quokkas
  3 ball pythons
  4 frilled lizards
  8 rats
103 creatures vanquished.

Vanquished Creatures (others)
  A bombardier beetle (D:3)
1 creature vanquished.

Grand Total: 104 creatures vanquished

Notes
Turn   | Place    | Note
-------+----------+-------------------------------------------
     0 | D:1      | vierda the Human Fighter began the quest for the Orb.
     0 | D:1      | Reached XP level 1. HP: 18/18 MP: 1/1
    90 | D:1      | Reached XP level 2. HP: 23/24 MP: 2/2
   449 | D:1      | Reached XP level 3. HP: 28/29 MP: 3/3
   696 | D:2      | Found a faded altar of an unknown god.
   735 | D:2      | Prayed at the altar of an unknown god.
   735 | D:2      | Became a worshipper of the Shining One
   735 | D:2      | Reached * piety under the Shining One
   862 | D:2      | Found a hide-covered altar of Uskayaw.
   949 | D:2      | Found Cethia's Magic Scroll Shoppe.
   964 | D:2      | Bought a scroll of enchant weapon for 97 gold pieces
   991 | D:2      | Reached XP level 4. HP: 35/35 MP: 4/4
  1480 | D:3      | Reached XP level 5. HP: 31/41 MP: 5/5
  1693 | D:3      | Found an ancient bone altar of Kikubaaqudgha.
  2130 | D:4      | Identified the +7 sling of the Screaming Gods {elec, Dex+3}
  2145 | D:4      | Reached XP level 6. HP: 37/47 MP: 6/6
  2836 | D:4      | Noticed Grinder
  2846 | D:4      | Paralysed by Grinder for 5 turns
  2859 | D:4      | Killed Grinder
  2860 | D:4      | Reached skill level 1 in Ranged Weapons
  2860 | D:4      | Reached XP level 7. HP: 37/53 MP: 7/7
  2896 | D:4      | Reached skill level 5 in Shields
  3054 | D:4      | Found a hide-covered altar of Uskayaw.
  3242 | D:5      | Entered Level 5 of the Dungeon
  3250 | D:5      | Noticed Duvessa
  3250 | D:5      | Noticed Dowan
  3268 | D:5      | Killed Duvessa
  3275 | D:5      | Killed Dowan
  3276 | D:5      | Reached skill level 1 in Dodging
  3380 | D:5      | Found a shadowy altar of Dithmenos.
  3410 | D:5      | Reached skill level 5 in Polearms
  3410 | D:5      | Reached XP level 8. HP: 51/60 MP: 8/8
  3521 | D:5      | Found a staircase to the Ecumenical Temple.
  3791 | D:5      | Reached skill level 5 in Armour
  4183 | D:6      | Reached ** piety under the Shining One
  4277 | D:6      | Reached XP level 9. HP: 33/67 MP: 9/9
  4282 | D:6      | HP: 2/67 [burnt (5)]
  4283 | D:6      | Incinerated by a bombardier beetle

Illustrated notes

Levels and vault maps discovered:
D:1:      ldierk_walled_garden_2, layout_loops_cross
D:2:      minmay_door_path, layout_rooms, serial_shops, shop, basic_altar,
          ebering_ecumenical_altar_sacrificial, hangedman_decor_growths
D:3:      layout_basic, nicolae_kikubaaqudgha_miasma_corner
D:4:      layout_loops_corners, nicolae_overflow_crystal_walls,
          serial_co_window_serial, co_window_paths_a, co_window_corner_a,
          co_window_corner_a, co_window_of_opportunity_a, co_window_corner_a,
          co_window_paths_a, co_window_cross_4, co_window_unsneaky_path_d,
          co_window_broadway_a, co_window_paths_d, glass_columns_b,
          st_stairs_14, kennysheep_generic_room_10, uniq_grinder
D:5:      layout_cave_pools, nicolae_dithmenos_the_darkroom,
          minmay_temple_entry_gardened_gates, uniq_duvessa
D:6:      layout_gridville

Skill      XL: |  1  2  3  4  5  6  7  8 |
---------------+-------------------------+-----
Shields        | 4 5 6 |  6.8
Polearms       | 3 4 5 6 |  6.6
Armour         | 4 5 |  5.2
Ranged Weapons | 1 2 |  2.7
Fighting       | 4 |  4.9
Dodging        | 1 |  1.9

Action                     |  1- 3 |  4- 6 |  7- 9 || total
---------------------------+-------+-------+-------++-------
  Melee: Trident           |   136 |   109 |   174 ||   419
   Fire: Sling             |       |     8 |    11 ||    19
    Use: Scroll            |     6 |     3 |     6 ||    15
         Potion            |       |     3 |     6 ||     9
 Armour: Scale mail        |    41 |       |       ||    41
         Chain mail        |    53 |    51 |   106 ||   210
  Dodge: Dodged            |    30 |     8 |    33 ||    71
  Block: Buckler           |     5 |       |       ||     5
         Tower shield      |   109 |   109 |   241 ||   459
         Reflection        |     1 |     3 |     4 ||     8
